 Dungeon Crawl Stone Soup version 0.27.1-2-g3b301248ec (webtiles) character file.

Game seed: 4969304104056906503

16 Mesmaeker13 the Caller (level 2, -3/19 HPs)
             Began as a Barachi Summoner on Sept 22, 2021.
             Slain by a gnoll (7 damage)
             ... on level 1 of the Dungeon.
             The game lasted 00:02:10 (1574 turns).

Mesmaeker13 the Caller (Barachi Summoner)           Turns: 1574, Time: 00:02:11

Health: -3/19      AC:  2    Str:  9    XL:     2   Next: 54%
Magic:  3/5        EV: 12    Int: 15    God:
Gold:   37         SH:  0    Dex: 12    Spells: 5/6 levels left

rFire    . . .     SeeInvis .   b - +0 short sword
rCold    . . .     Faith    .   (no shield)
rNeg     . . .     Spirit   .   a - +0 robe
rPois    .         Reflect  .   (no helmet)
rElec    .         Harm     .   (no cloak)
rCorr    .         Rampage  .   (no gloves)
Will     .....                  (no boots)
Stlth    ++........             (no amulet)
HPRegen  0.06/turn              (no ring)
MPRegen  0.09/turn              (no ring)

@: unable to hop, slow
A: amphibious, slowness 1, strong legs 1, +LOS
a: Hop


You were on level 1 of the Dungeon.
You visited 1 branch of the dungeon, and saw 2 of its levels.

You collected 37 gold pieces.

Inventory:

Hand Weapons
 b - a +0 short sword (weapon)
Armour
 a - a +0 robe (worn)
Scrolls
 d - a scroll of magic mapping {unknown}
Potions
 c - a potion of heal wounds
 e - a potion of degeneration {unknown}
 f - a potion of curing {unknown}
 g - a potion of berserk rage {unknown}


   Skills:
 + Level 2.6 Dodging
 - Level 1.7 Stealth
 + Level 2.6 Spellcasting
 + Level 5.1 Summonings


You had 5 spell levels left.
You knew the following spells:

 Your Spells              Type           Power      Damage    Failure   Level
a - Summon Small Mammal   Summ           68%        N/A       2%          1

Your spell library contained the following spells:

 Spells                   Type           Power      Damage    Failure   Level
 Call Imp                 Summ           17%        N/A       3%          2
 Call Canine Familiar     Summ           17%        N/A       8%          3
 Summon Guardian Golem    Hex/Summ       9%         N/A       22%         3
 Slow                     Hex            1%         N/A       32%         2
 Confusing Touch          Hex            1%         N/A       54%         3
 Summon Lightning Spire   Summ/Air       9%         N/A       58%         4
 Yara's Violent Unravell  Hex/Tmut       0%         3d3       99%         5


Dungeon Overview and Level Annotations

Branches:
Dungeon (2/15)

Altars:

Shops:
D:1 (


Innate Abilities, Weirdness & Mutations

You are amphibious.
You cover ground slowly.
You can hop short distances.
You have an extended range of vision and can be seen from far away.


Message History

The gnoll closely misses you.
Your rat bites the gnoll but does no damage.
The gnoll hits you with a +0 vampiric whip!
* * * LOW HITPOINT WARNING * * *
Your rat closely misses the gnoll.
You swap places.
The gnoll completely misses your rat.
Your rat bites the gnoll. x2
The gnoll hits your rat with a +0 vampiric whip.
Your rat dies!
Your rat's corpse disappears in a puff of smoke!
Your rat barely misses the gnoll.
Your rat barely misses the gnoll.
Casting: Summon Small Mammal (safe; 2% risk of failure)
Confirm with . or Enter, or press ? or * to list all spells.
You miscast Summon Small Mammal.
You are very lightly contaminated with residual magic.
Nothing appears to happen.
The gnoll closely misses you.
Unknown command.
Hop to where?
Press: ? - help, Dir - move target Boing!
Unknown command.
Your magical contamination has completely faded away.
Okay, then.
It was a potion of heal wounds.
You feel much better.
The gnoll hits you with a +0 vampiric whip.
The gnoll draws strength from your wounds!
Casting: Summon Small Mammal (safe; 2% risk of failure)
Confirm with . or Enter, or press ? or * to list all spells.
The gnoll hits you with a +0 vampiric whip.
The gnoll hits you with a +0 vampiric whip.
* * * LOW HITPOINT WARNING * * *
Your quokka barely misses the gnoll.
The gnoll barely misses you.
Unknown command.
Casting: Summon Small Mammal (safe; 2% risk of failure)
Confirm with . or Enter, or press ? or * to list all spells.
Your quokka bites the gnoll.
The gnoll hits you with a +0 vampiric whip!
You die...

####### ##..##.# .#.....#
.#..##.# ############ .#...#.#
#..........#
.#...#.##############.########.#
.#.................##.# #.#
.#..##.###########r##.# #.#
.#...#.# #.rg@...#.# #.#
.#...#.######.####..#.########.#
.##..#.##.......#...#.#........##
.................>....#.####.....
###..#.#....#.#......##.# #.####
.....#.#.#..#.####...##.# #.#
######.#r#.......#...##.# #.#
#####g........#......##.####.#
....r..#.#.#..#.##...##......#


You could see a gnoll (ally target), a friendly quokka (summoned) and a friendly
rat (summoned).

Vanquished Creatures
  An endoplasm (D:1)
  A giant cockroach (D:1)
  3 bats (D:1)
  A frilled lizard (D:1)
  A rat (D:1)
7 creatures vanquished.

Vanquished Creatures (collateral kills)
  2 goblins (D:1)
  4 hobgoblins (D:1)
  3 ball pythons (D:1)
  A bat (D:1)
  2 kobolds (D:1)
  A rat (D:1)
13 creatures vanquished.

Grand Total: 20 creatures vanquished

Notes
Turn   | Place    | Note
-------+----------+-------------------------------------------
     0 | D:1      | Mesmaeker13 the Barachi Summoner began the quest for the
                  | Orb.
     0 | D:1      | Reached XP level 1. HP: 13/13 MP: 3/3
   266 | D:1      | Reached skill level 5 in Summonings
   266 | D:1      | Reached XP level 2. HP: 5/19 MP: 1/5
   720 | D:1      | Found a faded altar of an unknown god.
  1419 | D:1      | Found Muaqa's Antique Weapon Shoppe.
  1574 | D:1      | Slain by a gnoll

Illustrated notes

Levels and vault maps discovered:
D:1:      amcnicky_arrival_underground_garden, layout_basic, serial_shops, shop,
          basic_ecumenical_altar
D:2:      layout_loops_ring, serial_shops, nicolae_shop_window_shopping,
          uniq_robin, uniq_natasha, uniq_sigmund

Skill      XL: |  1 |
---------------+----+-----
Summonings     | 5 |  5.1
Dodging        | |  2.6
Stealth        | |  1.7
Spellcasting   | |  2.6

Action                   || total
-------------------------++-------
Melee: Short sword       ||    34
       Unarmed           ||     2
 Cast: Summon Small Mamm ||    28
 Abil: Hop               ||     1
  Use: Potion            ||     1
 Stab: Sleeping          ||     1
Armor: Robe              ||    14
Dodge: Dodged            ||    48
